 Dungeon Crawl Stone Soup version 0.29.1-15-g9cfb28693d (webtiles) character file.

Game seed: 6974707623371277061

703 cdecastro the Cleaver (level 7, 0/59 HPs)
             Began as a Minotaur Fighter on Mar 3, 2023.
             Was an Initiate of Okawaru.
             Killed by divine providence
             ... invoked by an orc priest
              (9 damage)
             ... on level 4 of the Dungeon.
             The game lasted 00:05:22 (3366 turns).

cdecastro the Cleaver (Minotaur Fighter)            Turns: 3366, Time: 00:05:23

Health: 0/59       AC:  9    Str: 23    XL:     7   Next: 39%
Magic:  6/6        EV:  8    Int:  5    God:    Okawaru [......]
Gold:   78         SH:  0    Dex:  9    Spells: 6/6 levels left

rFire   . . .      SeeInvis .   a - +0 war axe
rCold   . . .      Faith    .   (no shield)
rNeg    . . .      Spirit   .   q - +0 chain mail
rPois   .          Reflect  .   (helmet restricted)
rElec   .          Harm     .   (no cloak)
rCorr   .          Rampage  .   (no gloves)
Will    .....                   (no boots)
Stlth   ..........              x - amulet of magic regeneration
HPRegen 0.19/turn               (no ring)
MPRegen 0.50/turn               (no ring)

@: mighty
A: horns 2, retaliatory headbutt
a: Renounce Religion


You were on level 4 of the Dungeon.
You worshipped Okawaru.
Okawaru was noncommittal.
You visited 1 branch of the dungeon, and saw 4 of its levels.

You collected 168 gold pieces.
You spent 90 gold pieces at shops.

Inventory:

Hand Weapons
 a - a +0 war axe (weapon)
Missiles
 f - 8 poisoned darts (quivered)
Armour
 b - a +0 scale mail
 c - a +0 buckler
 q - a +0 chain mail (worn)
Jewellery
 x - an amulet of magic regeneration (around neck)
Wands
 w - a wand of flame (14)
 y - a wand of mindburst (13)
Scrolls
 e - 3 scrolls of teleportation {unknown}
 i - 3 scrolls of identify {unknown}
 k - a scroll of amnesia {unknown}
 l - a scroll of brand weapon {unknown}
 m - 2 scrolls of enchant armour {unknown}
 o - 3 scrolls of fog {unknown}
 p - a scroll of noise {unknown}
 t - 2 scrolls of enchant weapon {unknown}
 v - 2 scrolls of blinking {unknown}
 z - a scroll of vulnerability {unknown}
Potions
 d - 2 potions of might
 g - 3 potions of mutation {unknown}
 h - a potion of curing {unknown}
 j - a potion of heal wounds {unknown}
 n - 3 potions of resistance {unknown}
 r - a potion of cancellation {unknown}
 s - 2 potions of attraction {unknown}
 u - a potion of berserk rage {unknown}


   Skills:
 + Level 4.0 Fighting
 - Level 10.0 Axes
 - Level 3.6 Armour
 - Level 3.6 Shields


You had 6 spell levels left.
You didn't know any spells.
Your spell library contained the following spells:

 Spells                   Type           Power      Damage    Failure   Level
 Sandblast                Erth           0%         2d4       99%         1
 Shock                    Conj/Air       0%         1d3       99%         1
 Passwall                 Tmut/Erth      0%         N/A       99%         2
 Stone Arrow              Conj/Erth      0%         3d7       100%        3
 Swiftness                Air            0%         N/A       100%        3
 Airstrike                Air            0%         2d(0-16)  100%        4


Dungeon Overview and Level Annotations

Branches:
Dungeon (4/15)
 Temple: D:4-7

Altars:
Dithmenos
Fedhas
Gozag
Hepliaklqana
Okawaru
Qazlal
Trog
Wu Jian
Xom
The Shining One

Shops:
D:2 *

Annotations:
D:3 1 runed translucent door, Crazy Yiuf
D:4 Natasha


Innate Abilities, Weirdness & Mutations

You have a pair of horns on your head.
You reflexively headbutt those who attack you in melee.


Message History

The gnoll hits you with a +2 vampiric spear.
The gnoll hits you from afar with a +0 spear.
* * * LOW HITPOINT WARNING * * *
Things that are here:
a +0 spear; a gnoll corpse The orc shouts!
You hit the orc priest but do no damage.
Your headbutt misses the orc priest. You slash the gnoll!
You hear a shout!
You hear an angry hiss.
An orc wizard comes into view. It is wielding a +0 dagger.
The gnoll hits you with a +2 vampiric spear!
* * * LOW HITPOINT WARNING * * *
The gnoll hits you from afar with a +0 spear.
* * * LOW HITPOINT WARNING * * *
The orc priest miscasts a cantrip.
You hear a shout!
You barely miss the orc priest.
The orc wizard shouts!
You slash the gnoll!
You kill the gnoll!
Okawaru accepts your kill.
The orc wizard gestures wildly while chanting.
The orc wizard flickers and vanishes!
Deactivating autopickup; reactivate with Ctrl-A.
The gnoll closely misses you.
The orc priest hits you but does no damage.
Your Fighting skill increases to level 4!
You hit the orc priest.
The orc priest is heavily wounded.
You closely miss the orc. The gnoll closely misses you.
The orc hits you but does no damage.
The orc priest mumbles some strange prayers to Beogh against you.
Beogh smites you!
* * * LOW HITPOINT WARNING * * *
You feel very mighty all of a sudden.
Natasha, Servant of Life and Death comes into view.
The gnoll hits you but does no damage.
The orc priest mumbles some strange prayers to Beogh against you.
Beogh smites you!
You die...

... #..###.........#......#
.. #.......#.............#
#h#..####.#..###.###.....
#..).##.#.#..# ### #.....
#.##.##.#.#..# #.....
##...oo..#.#..#######...#.
..........g#..............#.
##########o###..#######.#.#.
.......o@).............#.
#######.###..#######.....
#.# #..# #.#### ### #### ###


You could see 2 orc priests, Natasha, a gnoll and 2 orcs.

Vanquished Creatures
  Grinder (D:2)
  Sigmund (D:3)
  2 ogres (D:4)
  Jessica (D:3)
  Natasha (D:4)
  6 gnolls (D:4)
  An ufetubus (D:4)
  2 worms (D:3)
  2 orcs
  5 bats
  4 endoplasms
  2 giant cockroaches (D:3)
  7 goblins
  2 hobgoblins (D:2)
  2 jackals (D:2)
  2 kobolds
  2 quokkas
  9 ball pythons
  2 frilled lizards
  5 rats
59 creatures vanquished.

Notes
Turn   | Place    | Note
-------+----------+-------------------------------------------
     0 | D:1      | cdecastro the Minotaur Fighter began the quest for the Orb.
     0 | D:1      | Reached XP level 1. HP: 19/19 MP: 0/0
   355 | D:1      | Reached skill level 3 in Axes
   394 | D:1      | Reached XP level 2. HP: 26/26 MP: 1/1
  1040 | D:2      | Found Duxane Kamp's Assorted Antiques.
  1043 | D:2      | Bought a fizzy yellow potion for 21 gold pieces
  1043 | D:2      | Bought a dark potion for 21 gold pieces
  1061 | D:2      | Reached skill level 4 in Axes
  1181 | D:2      | Reached XP level 3. HP: 31/31 MP: 2/2
  1497 | D:2      | Found a faded altar of an unknown god.
  1832 | D:2      | Bought a scroll labelled KEIKHL TEPSYA for 24 gold pieces
  1832 | D:2      | Bought a scroll labelled WEDAEN DETHOY for 24 gold pieces
  1936 | D:3      | Noticed Jessica
  1943 | D:3      | Killed Jessica
  1944 | D:3      | Reached skill level 5 in Axes
  1944 | D:3      | Reached XP level 4. HP: 39/39 MP: 3/3
  1973 | D:3      | Noticed Sigmund
  1989 | D:3      | Killed Sigmund
  1990 | D:3      | Reached skill level 7 in Axes
  1990 | D:3      | Reached XP level 5. HP: 35/45 MP: 4/4
  2150 | D:3      | Found a stormy altar of Qazlal.
  2273 | D:3      | Found a hazy altar of Hepliaklqana.
  2275 | D:3      | Found a shimmering altar of Xom.
  2370 | D:3      | Noticed Grinder
  2383 | D:3      | Paralysed by Grinder for 2 turns
  2424 | D:2      | Killed Grinder
  2425 | D:2      | Reached skill level 8 in Axes
  2425 | D:2      | Reached XP level 6. HP: 51/51 MP: 5/5
  2605 | D:3      | Found a runed translucent door.
  2606 | D:3      | Noticed Crazy Yiuf
  2745 | D:3      | Found a bloodstained altar of Trog.
  2758 | D:3      | Found an ornate altar of the Wu Jian Council.
  2760 | D:3      | Found an iron altar of Okawaru.
  2761 | D:3      | Found a glowing golden altar of the Shining One.
  2763 | D:3      | Found a blossoming altar of Fedhas.
  2767 | D:3      | Found an opulent altar of Gozag.
  2768 | D:3      | Found a shadowy altar of Dithmenos.
  2888 | D:3      | Became a worshipper of Warmaster Okawaru
  3005 | D:4      | Reached skill level 9 in Axes
  3061 | D:4      | Noticed Natasha
  3067 | D:4      | Killed Natasha
  3089 | D:4      | Reached XP level 7. HP: 50/57 MP: 6/6
  3247 | D:4      | Reached skill level 10 in Axes
  3366 | D:4      | Noticed Natasha
  3366 | D:4      | Killed from afar by an orc priest

Illustrated notes

Levels and vault maps discovered:
D:1:      dpeg_arrival_ternary, layout_basic,
          hangedman_abyss_or_decor_lesser_grid, minmay_pentomino_u2
D:2:      minmay_evil_eye, layout_basic, shapermc_ecumenical_altar_notcrosses,
          serial_shops, shop
D:3:      layout_loops_ring, nicolae_overflow_hallway_of_the_gods,
          mainiacjoe_overflow_small_starburst, uniq_jessica,
          uniq_crazy_yiuf_cottage, uniq_sigmund, uniq_grinder
D:4:      layout_basic, uniq_natasha

Skill      XL: |  1  2  3  4  5  6  7 |
---------------+----------------------+-----
Axes           | 3 4 5 7 8 9 10 | 10.0
Fighting       | 4 |  4.0
Armour         | |  3.6
Shields        | |  3.6

Action                   |  1- 3 |  4- 6 |  7- 9 || total
-------------------------+-------+-------+-------++-------
Melee: War axe           |    74 |    39 |    18 ||   131
       Headbutt          |     9 |     4 |     2 ||    15
  Use: Potion            |       |       |     1 ||     1
Armor: Scale mail        |    15 |       |       ||    15
       Chain mail        |    33 |    20 |     9 ||    62
Dodge: Dodged            |    30 |    19 |     7 ||    56
Block: Buckler           |     1 |       |       ||     1
